 Dungeon Crawl Stone Soup version 0.27.0-1-g7a089689b8 (webtiles) character file.

Game seed: 15099155861565339974

480 SnakkuSnakku7 the Cudgeller (level 7, -4/70 HPs)
             Began as an Ogre Delver on Aug 6, 2021.
             Slain by a gnoll (6 damage)
             ... on level 4 of the Dungeon.
             The game lasted 00:06:09 (4791 turns).

SnakkuSnakku7 the Cudgeller (Ogre Delver)           Turns: 4791, Time: 00:06:11

Health: -4/70      AC:  4    Str: 18    XL:     7   Next: 11%
Magic:  7/7        EV: 10    Int: 17    God:
Gold:   213        SH:  0    Dex: 11    Spells: 6/6 levels left

rFire    . . .     SeeInvis .   a - +5 dire flail (holy)
rCold    . . .     Faith    .   (shield currently unavailable)
rNeg     . . .     Spirit   .   b - +0 robe
rPois    .         Reflect  .   (helmet restricted)
rElec    .         Harm     .   s - +0 cloak
rCorr    .         Rampage  .   (gloves unavailable)
Will     .....                  (boots unavailable)
Stlth    ++........             (no amulet)
HPRegen  0.21/turn              i - +6 ring of intelligence
MPRegen  0.10/turn              e - ring of wizardry

@: lethally poisoned (-4 -> -15), flying
A: large, unfitting armour, tough skin 1
a: no special abilities


You were on level 4 of the Dungeon.
You visited 1 branch of the dungeon, and saw 6 of its levels.

You collected 213 gold pieces.

Inventory:

Hand Weapons
 a - a +5 dire flail of holy wrath (weapon)
 h - a +0 mace
 x - a +5 mace
 y - a +0 flail
Missiles
 p - a throwing net (quivered)
Armour
 b - a +0 robe (worn)
 s - a +0 cloak (worn)
Jewellery
 e - a ring of wizardry (right hand)
 i - a +6 ring of intelligence (left hand)
Wands
 g - a wand of digging (2)
Scrolls
 c - a scroll of fog
 d - 2 scrolls of magic mapping
 f - 2 scrolls of identify
 j - a scroll of blinking {unknown}
 k - a scroll of amnesia {unknown}
 l - a scroll of teleportation {unknown}
 q - a scroll of immolation
 t - a scroll of enchant armour {unknown}
Potions
 m - a potion of brilliance {unknown}
 n - 2 potions of heal wounds {unknown}
 o - a potion of might
 r - a potion of flight
 u - a potion of magic {unknown}
 v - a potion of lignification
 w - a potion of degeneration {unknown}


   Skills:
 - Level 4.0 Fighting
 + Level 6.8 Maces & Flails
 - Level 1.7 Dodging
 - Level 3.7 Stealth


You had 6 spell levels left.
You didn't know any spells.
Your spell library contained the following spells:

 Spells                   Type           Power      Damage    Failure   Level
 Sting                    Tmut/Pois      0%         1d3       10%         1
 Poisonous Vapours        Pois/Air       0%         N/A       14%         2
 Conjure Flame            Conj/Fire      0%         6-21      26%         3
 Ignite Poison            Fire/Tmut/Pois 0%         N/A       26%         3
 Olgreb's Toxic Radiance  Pois           0%         N/A       65%         4
 Sticky Flame             Conj/Fire      0%         2d3       65%         4
 Alistair's Intoxication  Tmut/Pois      0%         N/A       92%         5
 Borgnjor's Vile Clutch   Necr/Erth      0%         N/A       92%         5
 Eringya's Noxious Bog    Tmut/Pois      0%         N/A       100%        6


Dungeon Overview and Level Annotations

Branches:
Dungeon (6/15)
 Temple: D:4-7

Altars:
Gozag
Kikubaaqudgha
Makhleb
Nemelex Xobeh
Okawaru
Qazlal
Zin

Annotations:
D:4 1 transporter, SnakkuSnakku7's ghost, weakling OgDe
D:5 Prince Ribbit


Innate Abilities, Weirdness & Mutations

You are too large for most types of armour.
You have tough skin. (AC +1)


Message History

You sock the gnoll!
You kill the gnoll!
The gnoll hits you from afar with a +1 spear of venom.
You are poisoned.
The gnoll hits you from afar with a +0 spear.
You are too injured to fight recklessly!
You feel sick.
Unknown command.
You feel sick.
You feel sick.
You feel sick.
You feel sick.
As you read the scroll labelled KUQUDW VIMEN, it crumbles to dust.
It is a scroll of identify.
v - a potion of lignification You feel sick.
The gnoll hits you from afar with a +1 spear of venom.
* * * LOW HITPOINT WARNING * * *
You are more poisoned.
Okay, then.
Okay, then.
As you read the scroll labelled KAATSEAFES, it crumbles to dust.
The creatures around you are filled with an inner flame!
It was a scroll of immolation.
You feel very sick.
The gnoll hits you from afar with a +1 spear of venom.
* * * LOW HITPOINT WARNING * * *
You are lethally poisoned!
Okay, then.
* * * LOW HITPOINT WARNING * * *
You feel very sick.
* * * LOW HITPOINT WARNING * * *
You feel very sick.
It was a potion of flight.
You feel very buoyant.
You fly up into the air.
* * * LOW HITPOINT WARNING * * *
You feel very sick.
The gnoll hits you from afar with a +1 spear of venom.
You die...

...........#.#...#.#..≈≈..#.###.#
#####.....©#.'.g.')#©.≈≈.....<...
#......#.#8⌠8#.#..≈≈.##.###.#
#..≈≈.##.#####.##.≈≈.##.# #.#
#..≈≈.#©.#.:.#g.#.≈≈.##.# #.#
#..≈≈.##.#...#g##.≈≈.##.# #.#
#..≈≈..#.#..W#.#..≈≈.##.# #.#
#..≈≈###.##'##g###≈≈....###.#
#..≈≈#......@....#≈≈.........
#..≈≈#8.###.###.8#≈≈.......).
#..≈≈#..#8###8#..#≈≈.########
#..≈≈####.....####≈≈.# #
#..≈≈≈≈≈≈≈≈≈≈≈≈≈≈≈≈≈.# #
#..≈≈≈≈≈≈≈≈≈≈≈≈≈≈≈≈≈.#
#....................#
#...........##########
#############


You could see a gnoll (inner flame).

Vanquished Creatures
  Edmund (D:4)
  A centaur skeleton (D:5)
  Crazy Yiuf (D:4)
  A hound (D:4)
  An orc priest (D:3)
  An iguana (D:4)
  Natasha (twice) (D:4)
  A hound skeleton (D:4)
  A gnoll (D:4)
  6 adders
  3 dart slugs
  3 orcs (D:3)
  3 ball pythons
  8 bats
  9 endoplasms
  3 giant cockroaches
  7 goblins
  6 hobgoblins
  12 jackals
  5 kobolds
  6 quokkas
  2 frilled lizards
  4 rats
87 creatures vanquished.

Vanquished Creatures (others)
  6 plants (D:4)
6 creatures vanquished.

Grand Total: 93 creatures vanquished

Notes
Turn   | Place    | Note
-------+----------+-------------------------------------------
     0 | D:5      | SnakkuSnakku7 the Ogre Delver began the quest for the Orb.
     0 | D:5      | Reached XP level 1. HP: 24/24 MP: 1/1
    85 | D:5      | Reached skill level 2 in Maces & Flails
    85 | D:5      | Reached XP level 2. HP: 12/32 MP: 2/2
   317 | D:5      | Found an ancient bone altar of Kikubaaqudgha.
   320 | D:5      | Found a stormy altar of Qazlal.
   321 | D:5      | Found a glowing silver altar of Zin.
   322 | D:5      | Found an iron altar of Okawaru.
   340 | D:5      | Noticed Prince Ribbit
   408 | D:5      | Noticed a centaur
   905 | D:5      | Reached skill level 3 in Maces & Flails
   905 | D:5      | Reached XP level 3. HP: 31/39 MP: 3/3
  1047 | D:4      | HP: 1/39 [poisoned by an adder]
  1497 | D:3      | Reached XP level 4. HP: 48/48 MP: 4/4
  1772 | D:1      | Reached skill level 4 in Maces & Flails
  2062 | D:1      | Found a faded altar of an unknown god.
  2918 | D:3      | Reached XP level 5. HP: 28/54 MP: 5/5
  3307 | D:3      | Reached skill level 5 in Maces & Flails
  3816 | D:4      | Identified the +0 war axe of Zohuics {vorpal, Str+7 Dex+4
                  | Stlth+}
  3843 | D:4      | Found an opulent altar of Gozag.
  3943 | D:4      | Reached XP level 6. HP: 46/62 MP: 6/6
  4036 | D:4      | Found a burning altar of Makhleb.
  4202 | D:4      | Noticed Natasha
  4210 | D:4      | Killed Natasha
  4371 | D:4      | Found a runed translucent door.
  4371 | D:4      | Noticed Edmund
  4387 | D:4      | Killed Edmund
  4388 | D:4      | Reached skill level 6 in Maces & Flails
  4388 | D:4      | Noticed Crazy Yiuf
  4399 | D:4      | Killed Crazy Yiuf
  4400 | D:4      | Reached XP level 7. HP: 40/70 MP: 7/7
  4464 | D:4      | Noticed Natasha
  4484 | D:4      | Killed Natasha
  4701 | D:4      | Found a transporter.
  4701 | D:4      | Found a transporter.
  4734 | D:4      | Found a sparkling altar of Nemelex Xobeh.
  4765 | D:4      | Noticed SnakkuSnakku7's ghost (weakling OgDe)
  4791 | D:4      | HP: 2/70 [poisoned by a gnoll]
  4791 | D:4      | Slain by a gnoll

Illustrated notes

Levels and vault maps discovered:
D:1:      erik_arrival_orb_chamber, layout_basic, basic_ecumenical_altar,
          serial_glass, glass_columns_a, glass_columns_a
D:2:      layout_basic, kennysheep_generic_room_6
D:3:      layout_loops_ring
D:4:      layout_loops_ring, mainiacjoe_overflow_six_doors_small,
          general_overflow_altar, bloody_makhleb, gammafunk_ghost_gnarly_gnolls,
          uniq_crazy_yiuf_cottage, uniq_edmund, uniq_natasha
D:5:      layout_cave_pools, mainiacjoe_overflow_alcove_3,
          gammafunk_ghost_smash, uniq_prince_ribbit1
D:6:      nicolae_whirlpool, layout_basic,
          nicolae_hepliaklqana_ecumenical_no_more

Skill      XL: |  1  2  3  4  5  6 |
---------------+-------------------+-----
Maces & Flails | 2 3 4 5 6 |  6.8
Fighting       | |  4.0
Dodging        | |  1.7
Stealth        | |  3.7

Action                   |  1- 3 |  4- 6 |  7- 9 || total
-------------------------+-------+-------+-------++-------
Melee: Mace              |    64 |    14 |       ||    78
       Flail             |       |   250 |       ||   250
       Dire flail        |       |     2 |    15 ||    17
Throw: Dart              |       |     9 |       ||     9
Evoke: Wand              |     1 |       |       ||     1
  Use: Potion            |     3 |       |     1 ||     4
       Scroll            |     1 |       |     2 ||     3
 Stab: Sleeping          |     1 |     9 |       ||    10
Armor: Robe              |    34 |   104 |     4 ||   142
Dodge: Dodged            |    56 |   192 |     8 ||   256
